 Dungeon Crawl Stone Soup version 0.22-a0-799-g88f5e90 (console) character file.

25 Jenz the Charmwright (level 3, 0/28 HPs)
             Began as a Merfolk Skald on July 21, 2018.
             Slain by a worker ant (4 damage)
             ... on level 2 of the Dungeon.
             The game lasted 00:08:01 (1391 turns).

Jenz the Charmwright (Merfolk Skald)                Turns: 1391, Time: 00:08:02

Health: 0/28       AC:  3    Str: 11    XL:     3   Next: 6%
Magic:  6/6        EV: 12    Int: 13    God:
Gold:   27         SH:  0    Dex: 13    Spells: 5/6 levels left

rFire    . . .     SeeInvis .   a - +0 spear
rCold    . . .     Gourm    .   (no shield)
rNeg     . . .     Faith    .   b - +0 leather armour
rPois    .         Spirit   .   (no helmet)
rElec    .         Reflect  .   (no cloak)
rCorr    .         Harm     .   (no gloves)
MR       .....                  (no boots)
Stlth    +.........             (no amulet)
HPRegen  0.09/turn              (no ring)
MPRegen  0.10/turn              (no ring)

@: lethally poisoned (0 -> -12)
A: change form in water, swift swim, stealthy swim
a: no special abilities


You were on level 2 of the Dungeon.
You were hungry.

You visited 1 branch of the dungeon, and saw 2 of its levels.

You collected 27 gold pieces.

Inventory:

Hand Weapons
 a - a +0 spear (weapon)
 c - a +0 vampiric whip
Armour
 b - a +0 leather armour (worn)
Scrolls
 h - a scroll of identify {unknown}
Potions
 e - a potion of mutation {unknown}
 f - 3 potions of curing {unknown}
 i - a potion of lignification {unknown}
Comestibles
 d - 4 rations


   Skills:
 + Level 2.4 Fighting
 + Level 3.6 Polearms
 + Level 0.6 Armour
 + Level 2.6 Dodging
 + Level 0.4 Stealth
 + Level 2.0 Spellcasting
 + Level 3.9 Charms


You had 5 spell levels left.
You knew the following spells:

 Your Spells              Type           Power        Failure   Level  Hunger
a - Infusion              Chrm           ##..         7%          1    ##.....

Your spell library contained the following spells:

 Spells                   Type           Power        Failure   Level  Hunger
 Regeneration             Chrm/Necr      #.........   41%         3    ####...
 Shroud of Golubria       Chrm/Tloc      #.........   22%         2    ###....
 Song of Slaying          Chrm           ##......     10%         2    ###....
 Spectral Weapon          Hex/Chrm       #.......     41%         3    ####...


Dungeon Overview and Level Annotations

Branches:
Dungeon (2/15)

Altars:


Message History

The worker ant is almost dead.
You feel sick. The worker ant closely misses you.
You closely miss the worker ant.
The worker ant is severely wounded.
The worker ant misses you.
You barely miss the worker ant.
The worker ant is severely wounded.
You feel sick. The worker ant bites you.
* * * LOW HITPOINT WARNING * * *
You are more poisoned.
The worker ant poisons you! The worker ant misses you.
You hit the worker ant but do no damage.
The worker ant is severely wounded.
* * * LOW HITPOINT WARNING * * *
You feel sick. The worker ant closely misses you.
You hit the worker ant but do no damage.
The worker ant is severely wounded.
* * * LOW HITPOINT WARNING * * *
You feel sick. The worker ant bites you.
You die...

♣♣ ♣P # .
#. .♣
#.###.#♣♣♣♣
#...a......
##@#######
#.........
#..#######
#..##..
#..##.#
#..##.# ..
#..##.# .#
#..##.###.#
#.........#
#........##
#
#####.##.#
.#


You could see a worker ant.

Vanquished Creatures
  3 dart slugs (D:1)
  A leopard gecko (D:1)
  4 goblins (D:1)
  A hobgoblin (D:1)
  4 kobolds (D:1)
  A ball python (D:2)
  A bat (D:1)
  A frilled lizard (D:1)
  3 rats
19 creatures vanquished.

Notes
Turn   | Place    | Note
-------+----------+-------------------------------------------
     0 | D:1      | Jenz the Merfolk Skald began the quest for the Orb.
     0 | D:1      | Reached XP level 1. HP: 16/16 MP: 3/3
   471 | D:1      | Reached XP level 2. HP: 23/23 MP: 5/5
  1026 | D:1      | Reached XP level 3. HP: 22/28 MP: 2/6
  1391 | D:2      | Slain by a worker ant

Vault maps used:
D:1:      mrwooster_arrival_arrow
D:2:      lemuel_round_altar, lemuel_round_altar, serial_forest,
          infiniplex_forest_straight_5, infiniplex_forest_clump_small,
          infiniplex_forest_lined_room_3, infiniplex_forest_3_way,
          infiniplex_forest_zigzag_1

Action                   || total
-------------------------++-------
Melee: Spear             ||    82
 Cast: Infusion          ||     2
 Stab: Sleeping          ||     1
  Eat: Chunk             ||     1
Armor: Leather armour    ||     5
Dodge: Dodged            ||    39

Table legend:
 A = Spawn XP
 B = Non-spawn XP
 C = Spawn XP percentage of total XP
 D = Spawn monster count
 E = Non-spawn monster count
 F = Spawn count percentage of total count
 G = Total turns spent on level
                    A         B        C        D         E        F      G
               +---------+---------+-------+---------+---------+-------+---------
         Total |       0 |      37 |   0.0 |       0 |      19 |   0.0 |  1391
               +---------+---------+-------+---------+---------+-------+---------
           D:1 |       0 |      35 |   0.0 |       0 |      17 |   0.0 |  1347
           D:2 |       0 |       2 |   0.0 |       0 |       2 |   0.0 |    44
               +---------+---------+-------+---------+---------+-------+---------
